 Dungeon Crawl Stone Soup version 0.30.0-3-ga4e48a9924 (webtiles) character file.

Game seed: 7658367175026007145

321287 Jase the End of an Era (level 21, -5/202 (206) HPs)
             Began as a Hill Orc Fighter on May 7, 2023.
             Was the Champion of Qazlal.
             Killed from afar by a crystal guardian (24 damage)
             ... with a crystal bolt
             ... led by a peacekeeper
             ... on level 4 of the Vaults on May 8, 2023.
             The game lasted 03:29:03 (36597 turns).

Jase the End of an Era (Hill Orc Fighter)          Turns: 36597, Time: 03:29:04

HP:   -5/202 (206)  AC: 41    Str: 33    XL:     21   Next: 52%
MP:   31/36         EV:  9    Int: 18    God:    Qazlal [******]
Gold: 2761          SH:  8    Dex: 10    Spells: 20/20 levels left

rFire   + . .        a - +4 battleaxe (drain)
rCold   . . .        (shield currently unavailable)
rNeg    . . .        B - +6 plate armour of Least Resistance {Drain +Blink Str+3 Int+7}
rPois   .            i - +1 helmet {Int+3}
rElec   .            q - +2 cloak {Will+}
rCorr   +            N - +0 pair of gloves {hurl}
SInv    .            R - +3 pair of seven-league boots {Rampage+∞}
Will    ++...        K - amulet of regeneration Stlth
                     U - ring of protection from fire
HPRegen 1.33/turn    T - ring of resist corrosion
MPRegen 0.25/turn

%: repel missiles, rampage+∞
@: mighty, protected from physical damage, studying Ice Magic, lightly drained
A: no striking features
}: 2/15 runes: decaying, serpentine
a: Renounce Religion, Evoke Blink, Upheaval, Elemental Force, Disaster Area


You were on level 4 of the Vaults.
You worshipped Qazlal.
Qazlal was exalted by your worship.
You visited 7 branches of the dungeon, and saw 35 of its levels.
You also visited: Ice Cave and Volcano.

You collected 3722 gold pieces.
You spent 961 gold pieces at shops.

Inventory:

Hand Weapons
 a - a +4 battleaxe of draining (weapon)
 b - a +3 war axe of flaming
 c - the +6 shortbow "Tiaqad" {flame, rElec}
   (You found it on level 5 of the Lair of Beasts)

   rElec:     It insulates you from electricity.
Missiles
 s - a curare-tipped dart
 u - 55 poisoned darts (quivered)
 Y - a throwing net
Armour
 i - a +1 helmet of intelligence (worn)
 q - a +2 cloak of willpower (worn)
 B - the +6 plate armour of Least Resistance (worn) {Drain +Blink Str+3 Int+7}
   (You found it in an ice cave)

   Str:       It affects your strength (+3).
   Int:       It affects your intelligence (+7).
   +Blink:    It lets you blink.
   Drain:     It drains your maximum health when unequipped.
 N - a +0 pair of gloves of hurling (worn)
 R - the +3 pair of seven-league boots (worn) {Rampage+∞}
   (You found it on level 11 of the Dungeon)

   Rampage+∞: When moving toward enemies, its wearer moves as far as possible.
Jewellery
 m - a ring of see invisible
 n - a ring of flight
 A - a ring of ice
 K - an amulet of regeneration (around neck)
 O - the ring "Gaposk" {Fire rN+}
   (You found it on level 9 of the Dungeon)

   [ring of fire]

   It enhances your fire magic.
   rF:        It protects you from fire.
   rC:        It makes you vulnerable to cold.
   rN:        It protects you from negative energy.
 T - a ring of resist corrosion (right hand)
 U - a ring of protection from fire (left hand)
Wands
 k - a wand of flame (56)
 x - a wand of digging (3)
 J - a wand of polymorph (18)
 M - a wand of paralysis (15)
 S - a wand of quicksilver (23)
 W - a wand of roots (40)
 X - a wand of mindburst (32)
Scrolls
 g - 12 scrolls of identify
 o - 4 scrolls of silence
 t - a scroll of summoning
 y - 3 scrolls of fog
 D - 3 scrolls of poison
 G - 13 scrolls of teleportation
 H - a scroll of enchant armour
 P - 3 scrolls of magic mapping
 Q - 5 scrolls of blinking
Potions
 e - 3 potions of might
 f - 9 potions of flight
 h - 6 potions of resistance
 j - 12 potions of curing
 l - 10 potions of attraction
 p - 4 potions of magic
 v - 6 potions of mutation
 w - 6 potions of haste
 z - 2 potions of berserk rage
 E - 3 potions of cancellation
 F - 3 potions of invisibility
 L - 3 potions of heal wounds
 V - a potion of ambrosia
Miscellaneous
 d - a phial of floods
 r - a lightning rod (4/4)
 C - a tin of tremorstones (2/2)


   Skills:
 + Level 21.8 Fighting
 - Level 20.0 Axes
 + Level 11.3 Ranged Weapons
 + Level 20.2 Armour
 - Level 3.2 Shields
 + Level 22.9 Invocations
 - Level 11.4 Evocations


You had 20 spell levels left.
You didn't know any spells.
Your spell library contained the following spells:

 Spells                   Type           Power      Damage    Failure   Level
 Apportation              Tloc           0%         N/A       61%         1
 Freeze                   Ice            0%         1d3       61%         1
 Magic Dart               Conj           0%         1d3       61%         1
 Necrotise                Necr           0%         1d4       61%         1
 Sandblast                Erth           0%         2d4       61%         1
 Summon Small Mammal      Summ           0%         N/A       61%         1
 Blink                    Tloc           0%         N/A       75%         2
 Call Imp                 Summ           0%         N/A       75%         2
 Passwall                 Tmut/Erth      0%         N/A       75%         2
 Sublimation of Blood     Necr           0%         N/A       75%         2
 Dazzling Flash           Conj/Hex       0%         N/A       93%         3
 Frozen Ramparts          Ice            0%         1d1       93%         3
 Gell's Gravitas          Tloc           0%         N/A       93%         3
 Hailstorm                Conj/Ice       0%         3d3       93%         3
 Ignite Poison            Fire/Tmut/Pois 0%         N/A       93%         3
 Inner Flame              Hex/Fire       0%         N/A       93%         3
 Mephitic Cloud           Conj/Pois/Air  0%         N/A       93%         3
 Ozocubu's Armour         Ice            0%         N/A       93%         3
 Stone Arrow              Conj/Erth      0%         3d7       93%         3
 Teleport Other           Tloc           0%         N/A       93%         3
 Volatile Blastmotes      Fire/Tloc      0%         2d10      93%         3
 Fulminant Prism          Conj/Hex       0%         3d5       100%        4
 Ice Form                 Ice/Tmut       0%         N/A       100%        4
 Iskenderun's Mystic Bla  Conj/Tloc      0%         2d3       100%        4
 Manifold Assault         Tloc           0%         N/A       100%        4
 Petrify                  Tmut/Erth      0%         N/A       100%        4
 Sticky Flame             Conj/Fire      0%         2d3       100%        4
 Summon Ice Beast         Ice/Summ       0%         N/A       100%        4
 Irradiate                Conj/Tmut      0%         3d11      100%        5
 Lee's Rapid Deconstruct  Erth           0%         3d4*      100%        5
 Metabolic Englaciation   Hex/Ice        0%         N/A       100%        5
 Yara's Violent Unravell  Hex/Tmut       0%         3d3       100%        5
 Dispersal                Tloc           0%         N/A       100%        6
 Starburst                Conj/Fire      0%         6d3       100%        6
 Statue Form              Tmut/Erth      0%         N/A       100%        6
 Enfeeble                 Hex            0%         N/A       100%        7
 Ozocubu's Refrigeration  Ice            0%         4d7       100%        7
 Storm Form               Tmut/Air       0%         N/A       100%        7
 Disjunction              Tloc           0%         N/A       100%        8
 Ignition                 Fire           0%         3d3       100%        8


Dungeon Overview and Level Annotations

Branches:
Dungeon (15/15)            Temple (1/1) D:4            Lair (5/5) D:10
  Swamp (4/4) Lair:2        Snake (4/4) Lair:2        Slime (0/5) Lair:5
    Orc (2/2) D:9             Elf (0/3) Orc:2        Vaults (4/5) D:13
  Crypt (0/3) Vaults:3     Depths (0/4) D:15          IceCv (visited)
Volcano (visited)

Altars:
Ashenzari
Cheibriados
Hepliaklqana
Makhleb
Nemelex Xobeh
Qazlal
Ru
Sif Muna
Uskayaw
Vehumet
Wu Jian
Xom
The Shining One
Beogh
Jiyva

Shops:
D:1 :   Orc:1 *   Orc:2 (:[*?   Snake:1 :   Snake:2 !   Snake:3 *   Snake:4 :==
Vaults:2 [

Portals:
Hell: Lair:5

Annotations:
D:15 1 runed translucent door, exclusion: orange crystal statue
Lair:4 5 exclusions
Swamp:2 2 transporters, exclusion: obsidian statue
Orc:2 5 exclusions


Message History

You closely miss the hell knight.
The hell knight is severely wounded.
The hell knight hits you but does no damage.
You feel drained.
You barely miss the hell knight.
The hell knight is severely wounded.
The hell knight closely misses you.
You slice the hell knight!!
You kill the hell knight!
Qazlal accepts your kill.
You slash the crystal guardian!
The crystal guardian is lightly damaged.
You hit the crystal guardian but do no damage.
The crystal guardian is lightly damaged.
The crystal guardian hits you.
* * * LOW HITPOINT WARNING * * *
Your resistance to fire fades away.
You feel protected from physical attacks.
Unknown command.
Activating: Elemental Force (0% risk of failure)
Press: ? - help, Dir - look around, f - activate Clouds arounds you coalesce and take form!
The crystal guardian fires a crystalline bolt at you.
The crystal bolt burns you. You resist.
* * * LOW HITPOINT WARNING * * *
The hell knight calls down the wrath of its god upon you.
The bolt of fire hits you! You resist.
* * * LOW HITPOINT WARNING * * *
Unknown command.
Unknown command.
Unknown command.
You swap places.
Your fire elemental hits the crystal guardian.
Unknown command.
You swap places.
Your fire elemental hits the crystal guardian.
Your fire elemental hits the hell knight. x2
The crystal guardian fires a crystalline bolt at you.
The crystal bolt freezes you!!
You die...

#.....#.§...# #+#
#....p##)..## ##.##
#.....)p9...###...##
#....p##..p###.....##
#.....#....)'○.°....#
#.....##...##○E.§...#
#.....#.....#E9p....#
#^....##...##☼E.....#
+.....#######..@....#
#.?.@.# ##°§)..##
#.....# ##.☼)##
#.....# ##.## #.....#
###'####### #.....#
#..)......# #.....#
#.))).....# #.....#
#.))).....#
#.))......#


You could see a hell knight (ally target), a crystal guardian and 3 friendly
fire elementals.

Vanquished Creatures
  Boris (Vaults:3)
  Margery (Vaults:4)
  Saint Roka (Vaults:4)
  The ghost of dolemite99 the Warrior, an adept MiHu of Ashenzari (Vaults:2)
  Jorgrun (Orc:1)
  Gastronok (Lair:2)
  A sphinx (Vaults:3)
  A tengu reaver (Vaults:2)
  2 thorn hunters (Swamp:2)
  Donald (Vaults:4)
  4 nagarajas
  12 vault wardens
  An orc warlord (Orc:2)
  5 ghouls
  13 ironbound preservers
  4 very ugly things (Vaults:1)
  2 ironbound thunderhulks
  A war gargoyle (Vaults:4)
  The ghost of Seidenschwarz the Sorcerer, a journeyman DECj of Vehumet (D:13)
  5 eleionomae (Swamp:1)
  A bunyip (Swamp:1)
  Nessos (D:13)
  2 entropy weavers
  A shambling mangrove (Swamp:3)
  4 fire dragons
  Josephine (Orc:1)
  10 yaktaur captains
  A great orb of eyes (Vaults:4)
  4 salamander tyrants
  31 hydras
  A peacekeeper (Vaults:4)
  8 vault guards
  3 centaur warriors
  An anaconda (shapeshifter) (Vaults:3)
  2 ghost crabs
  15 anacondas
  8 ironbound frosthearts
  A catoblepas (Lair:4)
  The ghost of Lobster4 the Ruffian, a novice TrFi of Uskayaw (D:9)
  3 ogre magi
  8 alligators
  14 two-headed ogres
  9 naga warriors
  A deep troll earth mage (Vaults:1)
  7 boulder beetles
  22 death yaks
  The ghost of avangion the Destroyer, a journeyman DECj of Vehumet (D:11)
  2 tengu warriors (D:15)
  A vampire mage (Lair:5)
  Urug (D:13)
  7 orc high priests
  10 shock serpents
  A sun demon (Lair:5)
  6 hell knights (Vaults:4)
  10 naga sharpshooters
  Nergalle (D:11)
  A fire crab (Swamp:4)
  Lodul (D:12)
  11 salamander mystics
  2 goliath frogs
  5 skeletal warriors (Vaults:3)
  2 titan skeletons (Vaults:3)
  7 naga ritualists
  4 swamp dragons (Swamp:4)
  39 deep trolls
  A swamp dragon (shapeshifter) (Vaults:3)
  A death drake (Swamp:2)
  2 glowing orange brains
  2 necromancers
  7 harpies
  5 bog bodies
  6 orc knights
  A phantasmal warrior (D:11)
  13 lindwurms
  A deep elf zephyrmancer (D:15)
  2 spriggan druids (Swamp:2)
  A wolf spider (D:15)
  5 orc sorcerers
  8 wizards
  3 deep elf pyromancers
  16 ugly things
  A wolf spider (shapeshifter) (Vaults:1)
  A sphinx skeleton (Vaults:3)
  6 cyclopes
  12 ironbound convokers
  13 mana vipers
  23 salamanders
  4 manticores
  4 will-o-the-wisps
  A frost giant skeleton (Vaults:3)
  An elephant (shapeshifter) (Vaults:3)
  3 elephants
  43 black mambas
  10 guardian serpents
  An ice statue (IceCv)
  A centaur zombie (D:15)
  2 torpor snails (Lair:4)
  11 vault sentinels
  A cane toad (shapeshifter) (D:14)
  A smoke demon (Lair:5)
  12 cane toads
  13 naga magi
  An orange demon (Lair:5)
  2 gargoyles
  18 komodo dragons
  12 yaktaurs
  2 centaur skeletons (D:15)
  A kobold demonologist (D:12)
  4 freezing wraiths (IceCv)
  2 efreet
  A tengu conjurer (D:15)
  9 rime drakes
  13 ice devils
  2 anaconda simulacra (IceCv)
  A yaktaur skeleton (Vaults:3)
  12 trolls
  A meliai (shapeshifter) (D:13)
  2 red devils (Lair:5)
  2 polar bears
  A tarantella (Vaults:1)
  7 tyrant leeches
  16 hornets
  14 blink frogs
  4 dream sheep (Lair:4)
  Sigmund (D:2)
  30 slime creatures
  A jumping spider (Vaults:1)
  7 wraiths
  A yak (shapeshifter) (D:14)
  14 spriggans
  4 wyverns
  A dire elephant simulacrum (IceCv)
  6 fire bats
  A vampire (D:12)
  17 humans
  2 ettin skeletons (Vaults:3)
  41 yaks
  13 vampire mosquitoes
  2 redbacks (Vaults:3)
  3 water elementals (D:14)
  15 steam dragons
  Grum (D:8)
  An unseen horror simulacrum (D:9)
  6 basilisks
  A redback simulacrum (D:15)
  41 nagas
  14 swamp worms
  4 death yak simulacra (IceCv)
  3 acid dragons
  2 harpy simulacra (IceCv)
  4 wargs
  17 water moccasins
  4 hell hounds (Lair:5)
  6 swamp drakes
  2 hydra simulacra (IceCv)
  An ogre skeleton (Vaults:3)
  5 human skeletons (Vaults:3)
  Duvessa (D:6)
  55 orc warriors
  4 ice beasts
  4 black bears
  21 ogres
  37 wolves
  15 centaurs
  6 kobold brigands
  7 bullfrogs
  A necrophage (Swamp:1)
  9 cane toad simulacra (IceCv)
  4 scorpions (D:4)
  A two-headed ogre simulacrum (IceCv)
  A gnoll sergeant (D:11)
  Dowan (D:6)
  4 killer bees (D:10)
  6 electric eels
  2 howler monkeys
  2 elephant simulacra (IceCv)
  22 orc priests
  Crazy Yiuf (D:5)
  2 hounds (D:4)
  A jelly (Lair:4)
  A wyvern simulacrum (D:9)
  A gnoll bouda (Orc:2)
  3 iguanas
  A sleepcap (D:6)
  37 orc wizards
  11 hell rats
  A polar bear simulacrum (IceCv)
  A troll simulacrum (IceCv)
  4 wolf simulacra (IceCv)
  A centaur simulacrum (D:9)
  16 gnolls
  3 river rats (Lair:4)
  10 adders
  A naga simulacrum (IceCv)
  A shadow imp (D:5)
  6 white imps
  A howler monkey simulacrum (D:9)
  2 ufetubi (IceCv)
  A worm (D:5)
  3 dart slugs
  115 orcs
  8 endoplasms
  7 giant cockroaches
  4 goblins
  4 hobgoblins
  4 jackals (D:1)
  3 quokkas
  7 ball pythons
  6 bats
  4 frilled lizards
  27 kobolds
  9 rats
  19 briar patches (Swamp:2)
1496 creatures vanquished.

Vanquished Creatures (collateral kills)
  An anaconda (Snake:2)
  An orc knight (Orc:2)
  An ironbound convoker (Vaults:1)
  2 salamanders (Snake:2)
  An orc warrior (Orc:2)
  2 orc priests (Orc:2)
  2 orcs (Orc:2)
10 creatures vanquished.

Vanquished Creatures (others)
  A vault guard (Vaults:3)
  A hydra (Swamp:4)
  A naga ritualist (Snake:4)
  A lindwurm (Swamp:4)
  A black mamba (Snake:2)
  A bloated husk (Swamp:2)
  2 orcs (Orc:2)
  16 foxfires
  19 fungi
  87 plants
  2 withered plants (D:13)
132 creatures vanquished.

Grand Total: 1638 creatures vanquished

Notes
Turn   | Place    | Note
-------+----------+-------------------------------------------
     0 | D:1      | Jase the Hill Orc Fighter began the quest for the Orb.
     0 | D:1      | Reached XP level 1. HP: 19/19 MP: 1/1
    64 | D:1      | Reached XP level 2. HP: 25/27 MP: 2/2
   444 | D:1      | Found Qowaps's Book Emporium.
   542 | D:2      | Reached XP level 3. HP: 33/33 MP: 3/3
   545 | D:2      | Got the Cyclopedia of the Moving Arsonist
   695 | D:2      | Reached XP level 4. HP: 40/40 MP: 4/4
  1004 | D:2      | Noticed Sigmund
  1033 | D:2      | Killed Sigmund
  1034 | D:2      | Reached skill level 5 in Fighting
  1034 | D:2      | Reached XP level 5. HP: 26/48 MP: 5/5
  1034 | D:2      | Reached XP level 6. HP: 30/56 MP: 6/6
  2209 | D:4      | Reached skill level 5 in Armour
  2285 | D:4      | Reached XP level 7. HP: 61/61 MP: 7/7
  2511 | D:4      | Found a staircase to the Ecumenical Temple.
  2520 | Temple   | Entered the Ecumenical Temple
  2534 | Temple   | Became a worshipper of Qazlal Stormbringer
  2603 | D:4      | Found an ornate altar of the Wu Jian Council.
  2764 | D:5      | Entered Level 5 of the Dungeon
  2851 | D:5      | Reached skill level 1 in Invocations
  2930 | D:5      | Identified the +1 whip "Earthworm" {distort, rC+ Will+
                  | Dex+5}
  2972 | D:5      | Reached XP level 8. HP: 62/70 MP: 9/9
  3010 | D:5      | Reached * piety under Qazlal
  3011 | D:5      | Reached skill level 2 in Invocations
  3103 | D:5      | Found a runed translucent door.
  3104 | D:5      | Noticed Crazy Yiuf
  3526 | D:5      | Found a snail-covered altar of Cheibriados.
  3868 | D:6      | Reached skill level 3 in Invocations
  3893 | D:6      | You fall into a shaft and drop 2 floors!
  3901 | D:8      | Noticed a two-headed ogre
  3955 | D:8      | Noticed Grum
  3969 | D:8      | Reached skill level 4 in Invocations
  3969 | D:8      | Killed Grum
  3970 | D:8      | Reached skill level 10 in Axes
  3970 | D:8      | Reached XP level 9. HP: 42/79 MP: 10/12
  4012 | D:8      | Noticed a troll
  4042 | D:8      | Killed a troll
  4043 | D:8      | Reached skill level 5 in Invocations
  4354 | D:6      | Found a sacrificial altar of Ru.
  4458 | D:6      | Noticed Dowan
  4458 | D:6      | Noticed Duvessa
  4467 | D:6      | Killed Dowan
  4476 | D:6      | Killed Duvessa
  4579 | D:7      | Noticed a hornet
  4601 | D:7      | Paralysed by a hornet for 3 turns
  4604 | D:7      | Killed a hornet
  4605 | D:7      | Reached skill level 6 in Invocations
  4733 | D:7      | Noticed a troll
  4754 | D:7      | Killed a troll
  4755 | D:7      | Reached XP level 10. HP: 61/90 MP: 14/14
  4787 | D:7      | Found a hide-covered altar of Uskayaw.
  4792 | D:7      | Reached ** piety under Qazlal
  5081 | D:8      | Killed a two-headed ogre
  5082 | D:8      | Reached skill level 7 in Invocations
  5256 | D:8      | Found a sparkling altar of Nemelex Xobeh.
  5427 | D:8      | Noticed a deep elf pyromancer
  5437 | D:8      | Killed a deep elf pyromancer
  5687 | D:9      | Found a runed translucent gate.
  5687 | D:9      | Found a runed translucent gate.
  5687 | D:9      | Found a runed translucent gate.
  5800 | D:9      | Noticed Lobster4's ghost (novice TrFi)
  6026 | D:9      | Reached skill level 8 in Invocations
  6132 | D:9      | Reached *** piety under Qazlal
  6187 | D:9      | Found a staircase to the Orcish Mines.
  6564 | D:9      | Reached XP level 11. HP: 67/99 MP: 17/17
  6571 | D:9      | Killed Lobster4's ghost
  6586 | D:9      | Got the ring "Gaposk" {Fire rN+}
  6661 | D:10     | Entered Level 10 of the Dungeon
  6687 | D:10     | Reached skill level 10 in Fighting
  7115 | D:10     | Reached skill level 9 in Invocations
  7137 | D:10     | Reached **** piety under Qazlal
  7189 | D:10     | Found a staircase to the Lair.
  7475 | D:10     | Found a broken altar of Ashenzari.
  7480 | D:10     | Found a hazy altar of Hepliaklqana.
  7901 | D:11     | Noticed Nergalle
  7913 | D:11     | Killed Nergalle
  7914 | D:11     | Reached skill level 15 in Axes
  8003 | D:11     | Found a runed translucent gate.
  8003 | D:11     | Identified the +7 chain mail "Kofunuap" {rElec Str+2}
  8003 | D:11     | Noticed avangion's ghost (journeyman DECj)
  8004 | D:11     | Found a runed translucent gate.
  8005 | D:11     | Found a runed translucent gate.
  8122 | D:11     | Noticed a two-headed ogre
  8148 | D:11     | Killed a two-headed ogre
  8410 | D:11     | Noticed a two-headed ogre
  8425 | D:11     | Killed a two-headed ogre
  8426 | D:11     | Reached skill level 10 in Armour
  8447 | D:11     | Reached skill level 10 in Invocations
  8485 | D:11     | Reached XP level 12. HP: 110/110 MP: 19/19
  8712 | D:11     | Noticed a four-headed hydra
  8725 | D:11     | Killed a four-headed hydra
  8786 | D:11     | Found the +3 pair of seven-league boots {Rampage+∞}
  8862 | D:11     | Found a roughly hewn altar of Beogh.
  8896 | D:11     | Killed avangion's ghost
  8897 | D:11     | Reached skill level 11 in Invocations
  9044 | Lair:1   | Entered Level 1 of the Lair of Beasts
 10214 | Lair:2   | Reached ***** piety under Qazlal
 10294 | Lair:2   | Noticed an eight-headed hydra
 10306 | Lair:2   | Killed an eight-headed hydra
 10307 | Lair:2   | Reached skill level 12 in Invocations
 10336 | Lair:2   | Found a staircase to the Swamp.
 10511 | Lair:2   | Noticed Gastronok
 10547 | Lair:2   | Killed Gastronok
 10548 | Lair:2   | Reached XP level 13. HP: 98/119 MP: 22/22
 10782 | Lair:2   | Found a staircase to the Snake Pit.
 11625 | Lair:3   | Reached skill level 13 in Invocations
 12497 | Lair:4   | Found a frozen archway.
 12503 | IceCv    | Entered an ice cave
 12517 | IceCv    | Reached XP level 14. HP: 76/130 MP: 24/24
 12667 | IceCv    | Reached skill level 14 in Invocations
 12746 | IceCv    | Reached ****** piety under Qazlal
 12915 | IceCv    | Identified the +6 plate armour of Least Resistance {Drain
                  | +Blink Str+3 Int+7}
 12996 | IceCv    | Found an ancient bone altar of Kikubaaqudgha.
 13408 | Lair:4   | Reached skill level 15 in Invocations
 13826 | Lair:4   | Reached skill level 15 in Fighting
 14282 | Orc:1    | Entered Level 1 of the Orcish Mines
 14282 | Orc:1    | Noticed Josephine
 14288 | Orc:1    | Killed Josephine
 14300 | Orc:1    | Noticed Jorgrun
 14314 | Orc:1    | Killed Jorgrun
 14373 | Orc:1    | Found Xeuhe's Overcharged Wands.
 14538 | Orc:2    | Entered Level 2 of the Orcish Mines
 14546 | Orc:2    | Reached XP level 15. HP: 106/141 MP: 26/26
 14675 | Orc:2    | Found Yraore Iseo's Magic Scroll Emporium.
 14686 | Orc:2    | Bought a scroll of silence for 123 gold pieces
 14686 | Orc:2    | Bought a scroll of immolation for 52 gold pieces
 14718 | Orc:2    | Found a staircase to the Elven Halls.
 14816 | Orc:2    | Noticed an orc warlord
 14829 | Orc:2    | Reached skill level 16 in Invocations
 14848 | Orc:2    | Killed an orc warlord
 14993 | Orc:2    | Found a dark tunnel.
 15003 | Volcano  | Entered a volcano
 15834 | Orc:2    | Reached skill level 15 in Armour
 15896 | Orc:2    | Found Payjoun's General Store.
 15897 | Orc:2    | Found Emniorgho's Book Shop.
 15899 | Orc:2    | Found Uniu's Antique Armour Shop.
 15899 | Orc:2    | Found Oninem's Antique Weapon Boutique.
 15907 | Orc:2    | Bought a runed cloak for 240 gold pieces
 15922 | Orc:2    | Bought a scroll of identify for 26 gold pieces
 16299 | Lair:5   | Entered Level 5 of the Lair of Beasts
 16762 | Lair:5   | Reached skill level 1 in Evocations
 17005 | Lair:5   | Reached skill level 17 in Invocations
 17005 | Lair:5   | Reached XP level 16. HP: 106/152 MP: 28/28
 17305 | Lair:5   | Found a viscous altar of Jiyva.
 17306 | Lair:5   | Found a staircase to the Slime Pits.
 17652 | Lair:5   | Found a burning altar of Makhleb.
 17682 | Lair:5   | Found a gateway to Hell.
 17871 | Lair:5   | Found a runed translucent door.
 18202 | Lair:5   | Identified the +6 shortbow "Tiaqad" {flame, rElec}
 18580 | D:12     | Noticed Lodul
 18595 | D:12     | Killed Lodul
 18875 | D:12     | Identified the +6 dagger "Anemute" {elec, rPois}
 19198 | D:13     | Noticed Nessos
 19198 | D:13     | Noticed Urug
 19198 | D:13     | Found a gate to the Vaults.
 19289 | D:13     | Reached skill level 5 in Evocations
 19635 | D:13     | Killed Urug
 19681 | D:13     | Killed Nessos
 19886 | D:13     | Found a runed translucent door.
 19886 | D:13     | Noticed Seidenschwarz's ghost (journeyman DECj)
 19904 | D:13     | Killed Seidenschwarz's ghost
 19905 | D:13     | Reached skill level 1 in Ranged Weapons
 20062 | D:14     | Reached skill level 18 in Invocations
 20159 | D:14     | Found a broken altar of Ashenzari.
 21019 | Snake:1  | Entered Level 1 of the Snake Pit
 21025 | Snake:1  | Found Seesm's Self-Improvement Boutique.
 21334 | Snake:1  | Reached XP level 17. HP: 163/163 MP: 30/30
 22601 | Snake:2  | Identified the +1 trident "Laneinoc" {distort, Will+}
 22990 | Snake:2  | Found Meynk's Distillery.
 23254 | Snake:2  | Identified the +2 robe of Precision Catastrophes {rElec
                  | Will+ Dex+2 Stlth-}
 23668 | Snake:3  | Identified the +1 scale mail "Imauwa" {+Inv Int+3}
 23890 | Snake:3  | Reached skill level 19 in Invocations
 24096 | Snake:3  | Found Tyakhupo's Gadget Gallery.
 24104 | Snake:3  | Bought a tin of tremorstones (2/2) for 520 gold pieces
 24176 | Snake:3  | Reached skill level 5 in Ranged Weapons
 24899 | Swamp:1  | Entered Level 1 of the Swamp
 24963 | Swamp:1  | Paralysed by a hornet for 3 turns
 25008 | Swamp:1  | Reached XP level 18. HP: 163/173 MP: 31/31
 25628 | Swamp:1  | Identified the +2 chain mail of Entitlement {+Blink Str+3
                  | Int+2 Stlth-}
 26126 | Swamp:2  | Found a transporter.
 26128 | Swamp:2  | Noticed a tentacled monstrosity
 26152 | Swamp:2  | Found a shimmering blue altar of Sif Muna.
 26276 | Swamp:2  | Found a transporter.
 26718 | Swamp:3  | Found a broken altar of Ashenzari.
 26750 | Swamp:3  | Paralysed by a hornet for 2 turns
 27181 | Swamp:4  | Entered Level 4 of the Swamp
 27364 | Swamp:4  | Reached skill level 20 in Invocations
 27645 | Swamp:4  | Identified the +6 falchion "Icouceubb" {freeze, Str+2
                  | Int+5}
 27963 | Swamp:4  | Got a decaying rune of Zot
 28233 | Snake:4  | Entered Level 4 of the Snake Pit
 28321 | Snake:4  | Reached XP level 19. HP: 124/183 MP: 33/33
 28789 | Snake:4  | Reached skill level 10 in Evocations
 29019 | Snake:4  | Found Diokegap's Book Shop.
 29019 | Snake:4  | Found Iluehu's Jewellery Emporium.
 29020 | Snake:4  | Found Uripp's Jewellery Emporium.
 30083 | Snake:4  | Got a serpentine rune of Zot
 30506 | D:15     | Entered Level 15 of the Dungeon
 30707 | D:15     | Found a staircase to the Depths.
 31084 | D:15     | Found a runed translucent door.
 31085 | D:15     | Identified the +6 double sword "Cuodghedy" {speed, rN+
                  | Will+ Int-2 Dex+3}
 31347 | D:5      | Killed Crazy Yiuf
 31534 | Vaults:1 | Entered Level 1 of the Vaults
 31549 | Vaults:1 | Reached skill level 21 in Invocations
 31841 | Vaults:1 | Reached XP level 20. HP: 110/194 MP: 29/34
 33607 | Vaults:2 | Found a runed translucent door.
 33607 | Vaults:2 | Noticed dolemite99's ghost (adept MiHu)
 33785 | Vaults:2 | Found Ytuomiwa's Antique Armour Boutique.
 34119 | Vaults:2 | Reached skill level 10 in Ranged Weapons
 34492 | Vaults:2 | Identified the ring "Arytrop" {Str+6 Int+2 Dex+2}
 34577 | Vaults:2 | Killed dolemite99's ghost
 34642 | Vaults:3 | Reached skill level 22 in Invocations
 35161 | Vaults:3 | Reached XP level 21. HP: 204/204 MP: 36/36
 35897 | Vaults:3 | Found a staircase to the Crypt.
 36002 | Vaults:3 | Noticed Boris
 36016 | Vaults:3 | Killed Boris
 36335 | Vaults:4 | Noticed Saint Roka
 36362 | Vaults:4 | Killed Saint Roka
 36531 | Vaults:4 | Noticed Donald
 36536 | Vaults:4 | Noticed Margery
 36555 | Vaults:4 | Killed Donald
 36569 | Vaults:4 | Killed Margery
 36597 | Vaults:4 | Killed from afar by a crystal guardian

Illustrated notes

Levels and vault maps discovered:
D:1:      grunt_arrival_crossed_arrows, layout_rooms, serial_shops,
          nicolae_lakefront_shop
D:2:      layout_basic, uniq_sigmund
D:3:      layout_basic, serial_bayou_pond_e, fountainhead, chequers_mini_garden
D:4:      layout_rooms, kennysheep_mini, minmay_temple_entry_waves
D:5:      layout_rooms, slow_altar_2, kennysheep_minor_cross,
          nicolae_nh_ransacked_shop, uniq_crazy_yiuf_cottage
D:6:      layout_basic, nicolae_ru_path_of_blood, uniq_duvessa
D:7:      layout_rooms, nicolae_uskayaw_dance_hall
D:8:      layout_basic, mainiacjoe_overflow_concentric_impassable,
          corexii_checkpoint_b, kennysheep_small_square, uniq_grum
D:9:      layout_cave_pools, david_orc_4, gammafunk_ghost_icy
D:10:     layout_basic, minitemple, erik_lair_dragon,
          nicolae_kite_square_tiling_tiny, kennysheep_generic_room_11
D:11:     layout_rooms, biasface_ghost_orc_armoury, grunt_ministairs_13,
          hellmonk_guarded_unrand_seven_league_boots, uniq_nergalle
D:12:     layout_irregular_city, uniq_lodul
D:13:     layout_roguey, david_vaults_3, gammafunk_ghost_grave,
          kennysheep_generic_room_14
D:14:     layout_basic, ashenzari_conservatory_becter
D:15:     grunt_enter_depths_magical_seal, layout_basic, minivault_24,
          minmay_crystal_box
Temple:   nicolae_temple_superstar
Lair:1:   layout_roguey
Lair:2:   layout_cellular_growth, minmay_swamp_entry_reptiles,
          minmay_snake_entry_guardpost_small, serial_rivers,
          chequers_serial_rivers_micro_c, chequers_serial_rivers_small_b,
          chequers_serial_rivers_small_a, chequers_serial_rivers_large_b,
          chequers_serial_rivers_room_b, uniq_urug, uniq_gastronok
Lair:3:   layout_loops_ring, grunt_megastairs_5
Lair:4:   layout_cave_pods, portal_ice_cave_rime, kennysheep_abandoned_house,
          grunt_megastairs_2, serial_bayou_shore_b, uniq_nessos
Lair:5:   evil_forest, layout_misc_corridors, minmay_slime_entry_pillars,
          gauntlet_entry_generic, columned_hall_lemuel,
          pdpol_lair_cabin_in_the_woods, infiniplex_staircase_pool
Swamp:1:  layout_basic_swamp, evilmike_swamp_ruin_house_3, swamp_pool1
Swamp:2:  gammafunk_sealed_arena, layout_falls_marsh, lemuel_altar_in_water
Swamp:3:  layout_basic_swamp, basic_altar, swamp_pool3
Swamp:4:  swamp_fiery, layout_basic_swamp, swamp_pool2
Snake:1:  layout_layer_cave, drop_trap, nicolae_shop_self_help
Snake:2:  layout_grid_shapes, serial_shops, shop
Snake:3:  layout_concentric_octagons, nicolae_shop_gadgets, nicolae_integral_box
Snake:4:  snake_pit_salamanders_mu, layout_rooms, minmay_shop_grove
Orc:1:    layout_diamond_mine, nicolae_shop_overcharged_wands, uniq_josephine,
          uniq_jorgrun
Orc:2:    st_orc_congregation, layout_diamond_mine, enter_volcano_2,
          guppyfry_orc_lava_fort
Vaults:1: nicolae_vaults_trapezoid_lopsided_4, nicolae_vaults_stepped_doors,
          ontoclasm_vaults_idyll, v_misc_27, nicolae_vaults_shrinking_rooms_1,
          dpeg_vaults_hating_casters, vaults_room_grunt_arrival_ludios,
          ontoclasm_vaults_bender, nicolae_vaults_three_branches,
          nicolae_vaults_little_squares_1, nicolae_vaults_double_plus_3,
          nicolae_vaults_little_squares_4, vaults_room_semicircle,
          vaults_dpeg_encased_lava, layout_vaults_big_cross
Vaults:2: ebering_ghost_inner_flame, v_misc_3, nicolae_vaults_little_squares_5,
          nicolae_vaults_border_crossing, v_misc_26,
          nicolae_vaults_sesquioval_fish, vaults_dpeg_hooks,
          nicolae_vaults_gold_heap, ontoclasm_vaults_pinch,
          layout_vaults_big_room, serial_shops, shop
Vaults:3: nicolae_vaults_loss_of_containment, nicolae_vaults_specimen_jars,
          minmay_crypt_entry_skeletal_spiral, nicolae_vaults_heist,
          nicolae_vaults_trapezoid_4, nicolae_vaults_diamond_2,
          vaults_room_semicircle, layout_vaults_omnigrid, uniq_boris
Vaults:4: vaults_room_hallway, nicolae_vaults_disjoint_gnomons,
          nicolae_vaults_turnstiles, grunt_vaults_hallway_long,
          nicolae_vaults_house_2, v_rooms_5,
          nicolae_vaults_taking_the_gang_shopping,
          nicolae_vaults_lightning_bolt, vaults_room_corners,
          nicolae_vaults_circle_grid_b, vaults_mumra_hex,
          nicolae_vaults_tetromino_L_1, ontoclasm_vaults_gateway,
          layout_vaults_ring, uniq_margery, uniq_aizul, uniq_saint_roka,
          uniq_donald

Skill      XL: |  1  2  3  4  5  6  7  8  9 10 11 12 13 14 15 16 17 18 19 20 21 |
---------------+----------------------------------------------------------------+-----
Axes           | 3 4 6 7 8 10 12 13 15 17 18 19 20 | 20.0
Fighting       | 4 5 6 7 8 9 11 12 13 15 16 17 18 19 20 21 | 21.8
Armour         | 4 5 6 7 8 10 11 12 14 15 16 17 18 19 20 | 20.2
Invocations    | 1 4 6 8 10 12 13 15 17 18 19 20 21 22 | 22.9
Evocations     | 2 6 8 9 11 | 11.4
Ranged Weapons | 2 5 7 8 10 11 | 11.3
Shields        | |  3.2

Action                     |  1- 3 |  4- 6 |  7- 9 | 10-12 | 13-15 | 16-18 | 19-21 || total
---------------------------+-------+-------+-------+-------+-------+-------+-------++-------
  Melee: War axe           |    71 |   100 |   299 |   758 |       |    82 |       ||  1310
         Battleaxe         |       |       |       |    73 |   887 |  1464 |  1299 ||  3723
         Whip              |       |       |       |    17 |    64 |    15 |       ||    96
         Punch             |       |       |       |     1 |     3 |     3 |       ||     7
   Fire: Shortbow          |       |       |       |       |       |    13 |       ||    13
 Invoke: Upheaval          |       |       |       |     3 |    12 |     4 |    13 ||    32
         Elemental Force   |       |       |       |       |     1 |     1 |     2 ||     4
Ability: Evoke Blink       |       |       |       |       |       |       |     1 ||     1
  Evoke: Wand              |       |       |       |       |     1 |       |     1 ||     2
         Phial of floods   |       |       |       |       |       |       |     1 ||     1
    Use: Scroll            |       |       |    14 |     7 |     9 |     4 |     2 ||    36
         Potion            |       |       |     1 |     1 |     1 |       |     5 ||     8
   Stab: Paralysed         |       |       |       |       |     1 |     2 |       ||     3
         Petrifying        |       |       |       |       |     1 |       |       ||     1
         Confused          |       |       |       |       |       |     1 |       ||     1
 Armour: Scale mail        |    34 |    49 |   115 |       |       |       |       ||   198
         Chain mail        |       |       |    32 |   112 |   186 |       |       ||   330
         Plate armour      |       |       |       |   296 |   448 |   877 |   714 ||  2335
  Dodge: Dodged            |    39 |    45 |   126 |   212 |   274 |   344 |   302 ||  1342
         Repelled          |       |       |       |     5 |     7 |    28 |    12 ||    52
  Block: Buckler           |    25 |    16 |    91 |   260 |       |       |       ||   392
         Other             |       |       |       |    27 |   320 |   380 |   345 ||  1072
